[Event "Titled Tuesday Blitz September 13 Late 2022"]
[White "Tayar, Jonathan"]
[Black "Maksimovic, Bojan"]
[WhiteFideId "2606534"]
[BlackFideId "14408120"]
[WhiteElo "2413"]
[BlackElo "2447"]
[Result "1-0"]
[Round "06"]
[TimeControl "180+1"]
[Date "2022.09.13"]
[WhiteClock "0:00:12"]
[BlackClock "0:00:02"]

1. e4 e5 2. Nf3 Nc6 3. Bc4 Nf6 4. d3 Be7 5. c3 O-O 6. Bb3 d6 7. Nbd2 Kh8 8. Nf1 Nh5 9. Ng3 Nf4 10. O-O g6 11. d4 Bg5 12. dxe5 dxe5 13. Qxd8 Bxd8 14. Nxe5 Nh3+ 15. gxh3 Nxe5 16. f4 Nd3 17. f5 Nxc1 18. Raxc1 Bf6 19. Kg2 Kg7 20. Rcd1 c6 21. Rd6 Be5 22. Rd2 a5 23. a4 Rb8 24. h4 b5 25. axb5 Rxb5 26. Ba4 Rb6 27. Rdf2 Ba6 28. Rd1 Rfb8 29. Rdd2 Bc4 30. h5 g5 31. f6+ Kh6 32. Nf5+ Kxh5 33. Ne7 Bb5 34. Bd1+ Kh6 35. Rf3 g4 36. Rf5 c5 37. Rxe5 Rxf6 38. Nf5+ Kg5 39. Red5 Kf4 40. Ng3 Ke3 41. b3 a4 42. c4 Bc6 43. R5d3+ Kf4 44. Nh5+ Ke5 45. Nxf6 Kxf6 46. Re3 Ke5 47. Rf2 axb3 48. Rxb3 Bxe4+ 49. Kg3 Rd8 50. Bc2 Bxc2 51. Rxc2 f5 52. Re3+ Kf6 53. Re1 Kg5 54. Kg2 h5 55. Re5 h4 56. Rf2 h3+ 57. Kf1 Rf8 58. Rxc5 Kg6 59. Rf4 Kg5 60. Rf2 Kg6 61. Rc6+ Kg5 62. Rd6 f4 63. Rd5+ Kh4 64. Rd4 Kg5 65. c5 Rf6 66. Rd5+ Kh4 67. Rd6 Rf8 68. Rd4 Kg5 69. c6 f3 70. Rd5+ Kf4 71. Rd4+ Ke3 72. Rc4 Ra8 73. Rc3+ Kd4 74. Rc1 Rc8 75. Rd2+ Ke3 76. Rf2 Kf4 77. c7 g3 78. hxg3+ Kxg3 79. Kg1 Kf4 80. Rc4+ Ke3 81. Rc3+ Kd4 82. Rfxf3 Rxc7 83. Rxc7 1-0


[Site "https://www.chess.com"]

[Event "Titled Tuesday Blitz September 13 Late 2022"]
[White "Vlassov, Nikolai"]
[Black "Gheorghiu, Calin"]
[WhiteFideId "4103360"]
[BlackFideId "1200305"]
[WhiteElo "2324"]
[BlackElo "2168"]
[Result "0-1"]
[Round "06"]
[TimeControl "180+1"]
[Date "2022.09.13"]
[WhiteClock "0:00:18"]
[BlackClock "0:00:16"]

1. e4 c5 2. c3 Nf6 3. e5 Nd5 4. d4 d6 5. c4 Nb6 6. dxc5 dxc5 7. Qxd8+ Kxd8 8. Nc3 Nc6 9. Bf4 Be6 10. O-O-O+ Ke8 11. Nd5 Rc8 12. Nf3 h6 13. h4 g6 14. Be2 Bg7 15. Rhe1 Nb4 16. Nxb6 axb6 17. a3 Nc6 18. b3 Rd8 19. Bd3 Rd7 20. Kc2 Kd8 21. Bd2 Kc8 22. Bc3 Rhd8 23. Be4 Rxd1 24. Rxd1 Bg4 25. Bd5 e6 26. Bxc6 bxc6 27. Rxd8+ Kxd8 28. Nd2 Bf5+ 29. Kb2 b5 30. f3 h5 31. cxb5 cxb5 32. a4 b4 33. Nc4 bxc3+ 34. Kxc3 Kc7 35. f4 Bf8 36. g3 Be7 37. Kb2 Kc6 38. Kc3 Be4 39. Na5+ Kc7 40. Nc4 Bd5 41. Ne3 Kc6 42. Nc2 Bd8 43. Ne3 Ba5+ 44. Kc2 Be1 45. Nf1 Bg2 46. Ne3 Be4+ 47. Kd1 Bxg3 48. Nc4 Bxf4 49. Nd6 Bd5 50. Nxf7 Bxb3+ 51. Ke2 Bxa4 52. Kf3 Bd2 53. Ke4 c4 54. Nd8+ Kd7 55. Nb7 Bc6+ 56. Kd4 Bxb7 0-1


[Site "https://www.chess.com"]

[Event "Titled Tuesday Blitz September 13 Late 2022"]
[White "Wan, Joseph"]
[Black "Putnam, Liam"]
[WhiteFideId "2069890"]
[BlackFideId "30938279"]
[WhiteElo "2198"]
[BlackElo "2031"]
[Result "1-0"]
[Round "06"]
[TimeControl "180+1"]
[Date "2022.09.13"]
[WhiteClock "0:00:06"]
[BlackClock "0:00:01"]

1. d4 Nf6 2. Bf4 g6 3. e3 Bg7 4. Nf3 O-O 5. Be2 b6 6. O-O Bb7 7. c4 d6 8. h3 Nbd7 9. Nc3 Re8 10. d5 e5 11. Bg5 h6 12. Bh4 a5 13. Qc2 Nc5 14. b3 Bc8 15. e4 g5 16. Bg3 g4 17. hxg4 Bxg4 18. Nh4 Bd7 19. a3 a4 20. b4 Nb3 21. Rad1 Nd4 22. Qd2 Ng4 23. Bxg4 Bxg4 24. f3 Bd7 25. Bf2 Qg5 26. Qd3 Bf6 27. Ne2 Nb3 28. g3 Kh8 29. Kg2 Rg8 30. Rh1 Rg7 31. Be3 Qxh4 32. Rxh4 Bxh4 33. Rh1 Bg5 34. Bxg5 Rxg5 35. Rxh6+ Kg7 36. Rh4 Rg8 37. Kf2 Kf8 38. Rh7 Be8 39. Qe3 Bd7 40. Ke1 Ke7 41. Kd1 Nd4 42. g4 Nb3 43. Kc2 b5 44. c5 R8g6 45. c6 Be8 46. Nc3 Nd4+ 47. Kb2 Rg8 48. Ne2 Nxe2 49. Qxe2 Kf8 50. Qxb5 f5 51. Qb7 fxe4 52. Qxc7 R5g7 53. Rxg7 Rxg7 54. Qxd6+ Kg8 55. fxe4 Rf7 56. Qe6 Kf8 57. Qd6+ Kg7 58. Qxe5+ Kf8 59. c7 Rf2+ 60. Kc3 Rf3+ 61. Kd2 Bd7 62. Qd6+ Ke8 63. Qe5+ Kf8 64. d6 Bxg4 65. Qe7+ Kg8 66. Qe8+ Kg7 67. c8=Q Bxc8 68. Qxc8 1-0


[Site "https://www.chess.com"]

[Event "Titled Tuesday Blitz September 13 Late 2022"]
[White "Yoo, Christopher Woojin"]
[Black "Mirzoev, Azer"]
[WhiteFideId "30909694"]
[BlackFideId "13400304"]
[WhiteElo "2105"]
[BlackElo "2525"]
[Result "1-0"]
[Round "06"]
[TimeControl "180+1"]
[Date "2022.09.13"]
[WhiteClock "0:00:07"]
[BlackClock "0:00:03"]

1. e4 Nf6 2. e5 Nd5 3. d4 d6 4. Nf3 dxe5 5. Nxe5 c6 6. c4 Nb4 7. Be3 Bf5 8. Na3 Nd7 9. g4 Be4 10. f3 Bg6 11. Qd2 Nxe5 12. dxe5 Qxd2+ 13. Kxd2 e6 14. Kc3 a5 15. Be2 Be7 16. h4 h6 17. h5 Bh7 18. Rhd1 f6 19. f4 fxe5 20. fxe5 O-O 21. Rd7 Bg5 22. Bxg5 hxg5 23. Rf1 Rxf1 24. Bxf1 Nxa2+ 25. Kd4 b6 26. c5 bxc5+ 27. Kxc5 Nb4 28. Nc4 Be4 29. Nd6 Bd5 30. Bc4 Rf8 31. Bxd5 cxd5 32. Nb7 Rf4 33. Nd8 Nd3+ 34. Kd6 Re4 35. Nxe6 Rxe5 36. Rxg7+ Kh8 37. Rxg5 Re2 38. Rxd5 Nxb2 39. Nf4 Re4 40. Rf5 Nc4+ 41. Kd5 Ne3+ 42. Kxe4 Nxf5 43. Kxf5 a4 44. Nd3 a3 45. Nc1 Kg7 46. Na2 Kh6 47. Kf6 Kh7 48. g5 Kg8 49. g6 1-0


[Site "https://www.chess.com"]

[Event "Titled Tuesday Blitz September 13 Late 2022"]
[White "Zhigalko, Sergei"]
[Black "Timmermans, Mark"]
[WhiteFideId "13502956"]
[BlackFideId "1026399"]
[WhiteElo "2662"]
[BlackElo "2460"]
[Result "1/2-1/2"]
[Round "06"]
[TimeControl "180+1"]
[Date "2022.09.13"]
[WhiteClock "0:00:25"]
[BlackClock "0:01:01"]

1. e4 e5 2. Nf3 Nc6 3. Bc4 Nf6 4. d3 Be7 5. O-O O-O 6. Nbd2 d6 7. c3 Na5 8. Bb5 a6 9. Ba4 b5 10. Bc2 c5 11. Re1 Bb7 12. Nf1 Nc6 13. Ng3 Re8 14. Bb3 Na5 15. Bc2 Bf8 16. Qe2 d5 17. h3 c4 18. Bd2 cxd3 19. Bxd3 dxe4 20. Nxe4 Nxe4 21. Bxe4 Bxe4 22. Qxe4 Nc4 23. Bg5 f6 24. b3 Nd6 25. Qd5+ Nf7 26. Qxd8 Rexd8 27. Be3 Rac8 28. Rac1 Ba3 29. Rc2 Rd3 30. c4 bxc4 31. bxc4 Rd7 32. Rb1 Rdc7 33. c5 Nd8 34. Rb6 Bxc5 35. Bxc5 Rxc5 36. Rxc5 Rxc5 37. Rxa6 Kf7 38. Ra7+ Kf8 39. Nd2 Nc6 40. Rc7 Rc2 41. Ne4 Re2 42. Nd6 Nd4 43. a4 Re1+ 44. Kh2 Ra1 45. Rf7+ Kg8 46. Ra7 h5 47. Ne8 Nc6 48. Rxg7+ Kf8 49. Rc7 Kxe8 50. Rxc6 Kf7 51. Ra6 h4 52. g4 Kg6 53. Kg2 e4 54. Ra8 Kg5 55. a5 f5 56. gxf5 Kxf5 57. a6 Kg6 58. a7 Kg7 59. f4 exf3+ 60. Kxf3 Ra4 61. Ke3 Kh7 62. Kd3 Kg7 63. Kc3 Ra1 64. Kb3 Kh7 65. Kc4 Kg7 66. Kd5 Kh7 67. Kc6 Rc1+ 68. Kd5 Rd1+ 69. Ke6 Ra1 70. Kf5 Rf1+ 71. Kg5 Ra1 72. Kxh4 Ra4+ 73. Kg5 Ra1 74. Kf5 Ra5+ 75. Kf6 Ra1 76. Ke5 Re1+ 77. Kd4 Rd1+ 78. Kc3 Ra1 79. Kb2 Ra6 80. Kb3 Ra1 81. h4 Ra6 82. Kc2 Ra1 83. Kb2 Ra6 84. h5 Ra5 85. Kb3 Ra1 86. Kc4 Rc1+ 87. Kd5 Ra1 88. Kd6 Ra2 89. Kc5 Ra1 90. Kb5 Rb1+ 91. Kc6 Rc1+ 92. Kb7 Rb1+ 93. Kc7 Rc1+ 94. Kd6 Rd1+ 95. Ke5 Ra1 96. h6 Ra5+ 97. Kd4 Ra1 98. Kc5 Rc1+ 99. Kb4 Rb1+ 100. Ka5 Ra1+ 101. Kb6 Rb1+ 102. Ka6 Ra1+ 103. Kb7 Rb1+ 104. Kc8 Rc1+ 105. Kd8 Rd1+ 106. Ke8 Ra1 107. Ke7 Ra2 108. Kd6 Ra1 109. Kc5 Rc1+ 110. Kb6 Rb1+ 111. Ka5 Ra1+ 112. Kb4 Rb1+ 113. Ka3 Ra1+ 114. Kb2 Ra6 115. Rb8 Rxa7 116. Rb3 Ra6 117. Ra3 Rxa3 118. Kxa3 Kxh6 1/2-1/2


[Site "https://www.chess.com"]

[Event "Titled Tuesday Blitz September 13 Late 2022"]
[White "Bluebaum, Matthias"]
[Black "Perez Ponsa, Federico"]
[WhiteFideId "24651516"]
[BlackFideId "117927"]
[WhiteElo "2633"]
[BlackElo "2604"]
[Result "1-0"]
[Round "07"]
[TimeControl "180+1"]
[Date "2022.09.13"]
[WhiteClock "0:01:24"]
[BlackClock "0:01:07"]

1. d4 Nf6 2. c4 e6 3. Nc3 d5 4. cxd5 exd5 5. Bg5 c6 6. e3 h6 7. Bh4 Be7 8. Bd3 O-O 9. Nge2 Nbd7 10. O-O Re8 11. f3 b5 12. Rc1 Bb7 13. Bf2 a6 14. h3 c5 15. dxc5 Nxc5 16. Nd4 Bf8 17. Nce2 Rc8 18. Bb1 Ne6 19. Qd2 Bc5 20. b3 b4 21. Rc2 Bd6 22. Rxc8 Qxc8 23. Rc1 Qd7 24. Bh4 Be7 25. Nf5 Bd8 26. Qxb4 Ng5 27. Qd6 a5 28. Qxd7 Nxd7 29. Nd6 Rxe3 30. Nxb7 Bb6 31. Kf1 Nf6 32. Bf2 1-0


[Site "https://www.chess.com"]

[Event "Titled Tuesday Blitz September 13 Late 2022"]
[White "Bortnyk, Mykola"]
[Black "Hansen, Eric"]
[WhiteFideId "14120836"]
[BlackFideId "2606771"]
[WhiteElo "2582"]
[BlackElo "2568"]
[Result "1-0"]
[Round "07"]
[TimeControl "180+1"]
[Date "2022.09.13"]
[WhiteClock "0:00:16"]
[BlackClock "0:00:01"]

1. e4 c5 2. c3 Nf6 3. e5 Nd5 4. g3 Nc6 5. Bg2 e6 6. Nf3 Qc7 7. Qe2 d6 8. exd6 Bxd6 9. Na3 a6 10. Nc4 O-O 11. O-O b5 12. Nxd6 Qxd6 13. a4 Bd7 14. d3 Na5 15. axb5 Nb3 16. Rxa6 Rxa6 17. bxa6 Qxa6 18. Ne5 Bc8 19. Be3 Qd6 20. Nc4 Qc7 21. Qc2 Na5 22. Nxa5 Qxa5 23. Bd2 Qb6 24. Ra1 Bb7 25. h4 h6 26. Ra3 Bc6 27. Qb3 Qd8 28. Qc4 Nb6 29. Qxc5 Bxg2 30. Kxg2 Qxd3 31. Qxb6 Qd5+ 32. Kh2 Qxd2 33. Ra1 Rc8 34. Ra7 Rf8 35. c4 g5 36. hxg5 hxg5 37. Qe3 Qxb2 38. Qxg5+ Qg7 39. Qh4 Qb2 40. Qg4+ Qg7 41. Qf4 Qg6 42. Ra5 f6 43. Ra7 Rc8 44. Re7 e5 45. Qf3 1-0


[Site "https://www.chess.com"]

[Event "Titled Tuesday Blitz September 13 Late 2022"]
[White "Ceres, Dragos"]
[Black "Souleidis, Georgios"]
[WhiteFideId "13905864"]
[BlackFideId "4206827"]
[WhiteElo "2150"]
[BlackElo "2401"]
[Result "1-0"]
[Round "07"]
[TimeControl "180+1"]
[Date "2022.09.13"]
[WhiteClock "0:00:39"]
[BlackClock "0:00:04"]

1. e4 e5 2. Nf3 d6 3. Bc4 Nf6 4. d3 Be7 5. O-O O-O 6. a4 c5 7. Nc3 Nc6 8. h3 Be6 9. Nd5 Bxd5 10. Bxd5 Nxd5 11. exd5 Nb4 12. c4 f5 13. Qe2 Bf6 14. Ne1 Re8 15. Bd2 a5 16. Bc3 e4 17. Qd2 Bg5 18. Qd1 e3 19. fxe3 Bxe3+ 20. Kh1 Qg5 21. Nf3 Qg3 22. Be1 Qg6 23. Nh4 Qf6 24. Nxf5 Qxb2 25. Rb1 Qa2 26. Bc3 Bd4 27. Bxd4 cxd4 28. Qg4 g6 29. Nh6+ Kg7 30. Rf7+ Kh8 31. Qxd4+ Re5 32. Rbf1 Qd2 33. Ng4 Qxd3 34. Qa1 Nc2 35. Nxe5 1-0


[Site "https://www.chess.com"]

[Event "Titled Tuesday Blitz September 13 Late 2022"]
[White "Domalchuk-Jonasson, Aleksandr"]
[Black "Shirov, Alexei"]
[WhiteFideId "14142805"]
[BlackFideId "2209390"]
[WhiteElo "1991"]
[BlackElo "2678"]
[Result "1-0"]
[Round "07"]
[TimeControl "180+1"]
[Date "2022.09.13"]
[WhiteClock "0:00:21"]
[BlackClock "0:00:42"]

1. d4 d5 2. c4 c6 3. cxd5 cxd5 4. Bf4 Nc6 5. e3 Nf6 6. Nc3 Bg4 7. Qb3 Na5 8. Qa4+ Bd7 9. Qc2 Rc8 10. Nf3 b5 11. a3 Ne4 12. Bd3 e6 13. Bxe4 dxe4 14. Qxe4 Bc6 15. d5 Bxd5 16. Nxd5 Qxd5 17. Qxd5 exd5 18. Rd1 Rc2 19. Rxd5 Rxb2 20. O-O Nc4 21. Rfd1 Be7 22. Rd7 Bf6 23. Rxa7 O-O 24. g4 g6 25. Rdd7 Ra2 26. Bh6 Bg7 27. Bxg7 Kxg7 28. Ng5 Rxa3 29. Rxa3 Nxa3 30. Ne6+ Kg8 31. Nxf8 Kxf8 32. Rb7 g5 33. Kg2 Kg7 34. Kg3 Kg6 35. Rb6+ f6 36. Rb7 h5 37. h3 hxg4 38. hxg4 Kh6 39. Rb6 Kg7 40. Kf3 Kg6 41. Ke2 Kf7 42. Kd3 Ke7 43. Kc3 Nc4 44. Rxb5 Nd6 45. Rb4 Ke6 46. Kd3 Nf7 47. f4 gxf4 48. exf4 Nh6 49. Rb6+ Kf7 50. g5 Ng4 51. Ke4 fxg5 52. fxg5 Kg7 53. Kf4 Nf2 54. Rb7+ Kg6 55. Rb6+ Kg7 56. Kf5 Nd1 57. Rb7+ Kg8 58. Kg6 1-0


[Site "https://www.chess.com"]

[Event "Titled Tuesday Blitz September 13 Late 2022"]
[White "Dounis, Alexandros"]
[Black "Indjic, Aleksandar"]
[WhiteFideId "4213238"]
[BlackFideId "911925"]
[WhiteElo "2204"]
[BlackElo "2592"]
[Result "1-0"]
[Round "07"]
[TimeControl "180+1"]
[Date "2022.09.13"]
[WhiteClock "0:00:21"]
[BlackClock "0:00:30"]

1. Nf3 c5 2. e4 e6 3. d4 cxd4 4. Nxd4 a6 5. Be2 Nf6 6. Nc3 Qc7 7. O-O Nc6 8. Be3 Be7 9. f4 d6 10. a4 Bd7 11. Qd2 h5 12. Kh1 Rc8 13. Rad1 h4 14. Nxc6 Bxc6 15. Bf3 b5 16. axb5 axb5 17. Qd3 h3 18. g4 b4 19. Ne2 Qb7 20. Ng3 d5 21. e5 Nd7 22. Bd4 Bb5 23. Qd2 Bxf1 24. Rxf1 Bc5 25. f5 Bxd4 26. Qxd4 Qb6 27. Qf4 Rc4 28. Qg5 Rxc2 29. Qxg7 Rf8 30. fxe6 fxe6 31. Qg6+ Ke7 32. Qxc2 Nxe5 33. Qh7+ Kd6 34. Be2 Rxf1+ 35. Bxf1 Nxg4 36. Bxh3 Nf2+ 37. Kg2 Nd1 38. Nf5+ exf5 39. Qh6+ Kc5 40. Qc1+ Nc3 41. bxc3 Qg6+ 42. Kf2 b3 43. Qa3+ Kc4 44. Qb4+ Kd3 45. Qxb3 Qh6 46. Bxf5+ Kd2 47. Qc2# 1-0


[Site "https://www.chess.com"]

[Event "Titled Tuesday Blitz September 13 Late 2022"]
[White "Escartin Lacasa, Jose"]
[Black "Fishbein, Alexander"]
[WhiteFideId "32080042"]
[BlackFideId "2000377"]
[WhiteElo "1929"]
[BlackElo "2410"]
[Result "0-1"]
[Round "07"]
[TimeControl "180+1"]
[Date "2022.09.13"]
[WhiteClock "0:00:01"]
[BlackClock "0:00:56"]

1. d4 Nf6 2. Nf3 g6 3. c4 Bg7 4. Nc3 O-O 5. e4 d6 6. Be3 c5 7. h3 cxd4 8. Nxd4 b6 9. Be2 Bb7 10. Bf3 Nbd7 11. Nd5 Ne5 12. O-O Nxf3+ 13. Qxf3 e6 14. Nxf6+ Qxf6 15. Qxf6 Bxf6 16. Rad1 Bxe4 17. f3 Bb7 18. Nb5 d5 19. cxd5 Bxd5 20. Nc7 Rad8 21. Nxd5 Rxd5 22. Rxd5 exd5 23. Rd1 Bxb2 24. Rxd5 Re8 25. Kf2 Bf6 26. Rd7 Bh4+ 27. g3 Bxg3+ 28. Kxg3 Rxe3 29. Rxa7 Kg7 30. a4 Ra3 31. Rb7 Rxa4 32. Rxb6 g5 33. Rb5 f6 34. Rb6 Kg6 35. Rb5 h5 36. Rc5 h4+ 37. Kg2 Ra2+ 38. Kg1 Kf7 39. Rb5 Ke6 40. Rc5 Rd2 41. Ra5 Rd5 42. Ra4 Ke5 43. f4+ gxf4 44. Kf2 Rd3 45. Ra5+ Ke4 46. Ra4+ Kf5 47. Ra5+ Kg6 48. Ra4 Kg5 49. Ra5+ f5 50. Kg2 Rg3+ 51. Kh2 f3 52. Ra8 Rg2+ 53. Kh1 Rc2 0-1


[Site "https://www.chess.com"]

[Event "Titled Tuesday Blitz September 13 Late 2022"]
[White "Gheorghiu, Calin"]
[Black "Korchmar, Vasiliy"]
[WhiteFideId "1200305"]
[BlackFideId "24131750"]
[WhiteElo "2168"]
[BlackElo "2370"]
[Result "0-1"]
[Round "07"]
[TimeControl "180+1"]
[Date "2022.09.13"]
[WhiteClock "0:00:02"]
[BlackClock "0:00:30"]

1. d4 d5 2. Nf3 Nf6 3. Bf4 c5 4. e3 Nc6 5. Nbd2 Bf5 6. c3 e6 7. Bb5 Bd6 8. Ne5 Qc7 9. Qa4 O-O 10. Bxc6 bxc6 11. Qxc6 Qxc6 12. Nxc6 Bxf4 13. Ne7+ Kh8 14. Nxf5 exf5 15. exf4 Rfe8+ 16. Kf1 cxd4 17. cxd4 Rac8 18. Nf3 Rc2 19. Ne5 Ng4 20. Nxg4 fxg4 21. h3 g3 22. fxg3 Rxb2 23. h4 h5 24. Rh3 Ree2 25. Kg1 Rxg2+ 26. Kh1 Rxa2 27. Rb1 Rgb2 28. Rc1 Rc2 29. Rd1 f5 30. Re1 Kh7 31. g4 hxg4 32. Rhe3 Rh2+ 33. Kg1 Rxh4 34. Re5 g3 35. Rxf5 g2 36. Rg5 Rh1# 0-1


[Site "https://www.chess.com"]

[Event "Titled Tuesday Blitz September 13 Late 2022"]
[White "Gomez Ledo, Roberto Carlos"]
[Black "Zenin, Dmitry"]
[WhiteFideId "3507076"]
[BlackFideId "4127897"]
[WhiteElo "2379"]
[BlackElo "2215"]
[Result "1-0"]
[Round "07"]
[TimeControl "180+1"]
[Date "2022.09.13"]
[WhiteClock "0:01:31"]
[BlackClock "0:01:19"]

1. d4 Nf6 2. Bf4 g6 3. Nc3 d6 4. e4 Bg7 5. Qd2 Nc6 6. O-O-O O-O 7. Bh6 e5 8. Bxg7 Kxg7 9. Nge2 exd4 10. Nxd4 Bd7 11. f3 Re8 12. g4 h5 13. g5 Nh7 14. h4 Nf8 15. Nd5 Nh7 16. Bg2 Ne5 17. f4 Ng4 18. f5 Ne5 19. Rhf1 c6 20. Nf4 Qb6 21. Nb3 Rad8 22. fxg6 fxg6 23. Qxd6 Bg4 24. Ne6+ 1-0


[Site "https://www.chess.com"]

[Event "Titled Tuesday Blitz September 13 Late 2022"]
[White "Goncalves, Davi Sulzbacher"]
[Black "Leitao, Rafael"]
[WhiteFideId "2154510"]
[BlackFideId "2101246"]
[WhiteElo "2107"]
[BlackElo "2609"]
[Result "0-1"]
[Round "07"]
[TimeControl "180+1"]
[Date "2022.09.13"]
[WhiteClock "0:00:09"]
[BlackClock "0:00:30"]

1. d4 Nf6 2. c4 e6 3. g3 d5 4. Nf3 Bb4+ 5. Bd2 Be7 6. Bg2 O-O 7. O-O c6 8. Bf4 Nbd7 9. Nc3 dxc4 10. Nd2 Nb6 11. e3 Nfd5 12. Nxd5 cxd5 13. h4 h6 14. h5 Bd7 15. b3 Rc8 16. Nf3 cxb3 17. axb3 a6 18. Kh2 Bb5 19. Rg1 Rc3 20. Ne5 Bg5 21. Qg4 Rxb3 22. Rac1 Nc4 23. Nf3 Bxf4 24. gxf4 Qf6 25. Bh3 Rb2 26. Rg2 Nd6 27. Rcg1 Nf5 28. Ne5 Rc8 29. Qf3 Rcc2 30. Bxf5 exf5 31. Rxg7+ Qxg7 32. Rxg7+ Kxg7 33. Qg3+ Kf8 34. Kg2 Rxf2+ 35. Qxf2 Rxf2+ 36. Kxf2 a5 0-1


[Site "https://www.chess.com"]

[Event "Titled Tuesday Blitz September 13 Late 2022"]
[White "Ibarra Jerez, Jose Carlos"]
[Black "Bortnyk, Olexandr"]
[WhiteFideId "2226332"]
[BlackFideId "14120828"]
[WhiteElo "2627"]
[BlackElo "2723"]
[Result "0-1"]
[Round "07"]
[TimeControl "180+1"]
[Date "2022.09.13"]
[WhiteClock "0:00:04"]
[BlackClock "0:00:04"]

1. Nf3 Nf6 2. g3 d6 3. d4 g6 4. b3 Bg7 5. Bb2 O-O 6. Bg2 a5 7. c4 a4 8. Nc3 a3 9. Bc1 c5 10. O-O Nc6 11. Nb5 cxd4 12. Nfxd4 Nxd4 13. Nxd4 Qb6 14. Nb5 Bf5 15. Be3 Qa5 16. Bd2 Qb6 17. Be3 Qd8 18. Bxb7 Rb8 19. Bg2 d5 20. Nd4 dxc4 21. bxc4 Be4 22. Qa4 Bxg2 23. Kxg2 Ng4 24. Rad1 Nxe3+ 25. fxe3 Ra8 26. Qc6 Qa5 27. Nb5 Qa4 28. Nd4 Qb4 29. Qb5 Qc3 30. Rd3 Qb2 31. Qxb2 axb2 32. Rb3 Rxa2 33. Rb1 Ra4 34. c5 Rc4 35. c6 e5 36. Nf3 Rxc6 37. R3xb2 h6 38. Rb8 Rxb8 39. Rxb8+ Kh7 40. e4 Rc4 41. Rb7 Rxe4 42. Kf2 Kg8 43. Rb8+ Kh7 44. Rb7 f5 45. h4 Kg8 46. Rb8+ Bf8 47. Rb7 Bc5+ 48. Kf1 Kf8 49. Rc7 Bd6 50. Rc6 Ke7 51. Ra6 Rc4 52. Ra7+ Kf6 53. Ra6 Ke6 54. Nd2 Rc1+ 55. Kf2 Rc2 56. Nf3 Kd5 57. Ra5+ Bc5+ 58. Kf1 Ke4 59. Rb5 Rc1+ 60. Kg2 Ke3 61. Rb3+ Kxe2 62. Nxe5 g5 63. hxg5 hxg5 64. Rb2+ Ke3 65. Nf3 g4 66. Nh4 Ke4 67. Re2+ Kd3 68. Re5 Rc2+ 69. Kh1 Bd4 70. Rxf5 Bf2 71. Kg2 Be1+ 72. Kg1 Bxg3 73. Ng2 Rc1+ 74. Rf1 Bh2+ 75. Kxh2 Rxf1 76. Kg3 Rg1 77. Kf2 Ra1 78. Kg3 Ra4 79. Nf4+ Ke4 80. Kxg4 Ke3 0-1


[Site "https://www.chess.com"]

[Event "Titled Tuesday Blitz September 13 Late 2022"]
[White "Ivic, Velimir"]
[Black "Fernandez De La Vara, Arnaldo"]
[WhiteFideId "950122"]
[BlackFideId "3518388"]
[WhiteElo "2625"]
[BlackElo "2387"]
[Result "1-0"]
[Round "07"]
[TimeControl "180+1"]
[Date "2022.09.13"]
[WhiteClock "0:01:23"]
[BlackClock "0:00:08"]

1. b3 Nf6 2. Bb2 g6 3. Nf3 Bg7 4. e3 b6 5. d4 Bb7 6. Be2 c5 7. O-O d5 8. c4 dxc4 9. Bxc4 cxd4 10. Nxd4 a6 11. Nd2 O-O 12. Be2 Nbd7 13. Bf3 Bxf3 14. Qxf3 Ne5 15. Qe2 Qd7 16. Rfd1 Rfd8 17. Rac1 b5 18. N2f3 Nxf3+ 19. Qxf3 Qg4 20. Nc6 Rxd1+ 21. Rxd1 Qxf3 22. gxf3 e6 23. Rd6 Ne8 24. Rd2 Bxb2 25. Rxb2 Kf8 26. a4 Rc8 27. axb5 axb5 28. Nd4 Nd6 29. Ra2 e5 30. Nc2 Rc3 31. b4 Ke7 32. Kf1 Rb3 33. Ke2 Nc4 34. Ra7+ Ke6 35. Ra6+ Ke7 36. Rc6 Kd7 37. Rc5 Kd6 38. Rxb5 Rb2 39. Kd3 Rxc2 40. Rc5 Nxe3 41. Rxc2 Nxc2 42. Kxc2 Kc6 43. Kd3 Kb5 44. Ke4 f6 45. Kd5 Kxb4 46. Ke6 Kc4 47. Kxf6 Kd4 48. Kg7 e4 49. fxe4 Kxe4 50. Kxh7 g5 51. Kg6 g4 52. Kg5 Kf3 53. Kf5 Kxf2 54. Kxg4 Ke3 55. h4 Ke4 56. h5 Ke5 57. Kg5 Ke6 58. Kg6 Ke7 59. Kg7 1-0


[Site "https://www.chess.com"]

[Event "Titled Tuesday Blitz September 13 Late 2022"]
[White "Janaszak, Dawid"]
[Black "Domingo Nunez, Ruben"]
[WhiteFideId "1119206"]
[BlackFideId "22245570"]
[WhiteElo "2165"]
[BlackElo "2406"]
[Result "1-0"]
[Round "07"]
[TimeControl "180+1"]
[Date "2022.09.13"]
[WhiteClock "0:00:49"]
[BlackClock "0:00:07"]

1. d4 g6 2. e4 Bg7 3. c3 c6 4. Nf3 d5 5. Nbd2 dxe4 6. Nxe4 Nf6 7. Bd3 O-O 8. Qe2 a5 9. O-O Na6 10. Re1 Nc7 11. Bf4 Ncd5 12. Be5 a4 13. a3 b6 14. h3 Bf5 15. Rad1 Qd7 16. Bh2 Qb7 17. Nxf6+ Bxf6 18. Bxf5 gxf5 19. Qd3 e6 20. Be5 Qe7 21. Qd2 Rfd8 22. Qh6 Bxe5 23. Nxe5 Rac8 24. Rd3 f4 25. c4 Qf6 26. Qh5 Ne7 27. Qg4+ Kh8 28. Re4 Ng6 29. Nxg6+ hxg6 30. Rxf4 Qe7 31. Rdf3 Rc7 32. h4 c5 33. h5 g5 34. Rf6 Rg8 35. Rxf7 Qxf7 36. Rxf7 Rxf7 37. Qxe6 Rh7 38. h6 Rf8 39. d5 Rhf7 40. f3 Kh7 41. d6 Rf6 42. Qe4+ Kxh6 43. d7 Rd8 44. Qe7 Rff8 45. Kh2 Kg6 46. Kg3 Kf5 47. Kf2 g4 48. Ke3 gxf3 49. gxf3 Kg6 50. f4 Kf5 51. Kf3 Rh8 52. Qf7# 1-0


[Site "https://www.chess.com"]

[Event "Titled Tuesday Blitz September 13 Late 2022"]
[White "Jobava, Baadur"]
[Black "Andreikin, Dmitry"]
[WhiteFideId "13601520"]
[BlackFideId "4158814"]
[WhiteElo "2582"]
[BlackElo "2736"]
[Result "0-1"]
[Round "07"]
[TimeControl "180+1"]
[Date "2022.09.13"]
[WhiteClock "0:00:08"]
[BlackClock "0:00:03"]

1. e4 e6 2. d4 d5 3. exd5 exd5 4. Nf3 Nf6 5. Bd3 Bd6 6. O-O O-O 7. h3 h6 8. Re1 Re8 9. Rxe8+ Qxe8 10. Nc3 c6 11. Ne2 Nbd7 12. Bf4 Qe7 13. Qd2 Ne4 14. Qe3 Ndf6 15. Re1 Bxf4 16. Nxf4 Qb4 17. c4 Bf5 18. b3 Re8 19. Ne5 c5 20. Bxe4 cxd4 21. Ned3 dxe3 22. Nxb4 exf2+ 23. Kxf2 Nxe4+ 24. Kg1 dxc4 25. bxc4 Nd6 26. Rxe8+ Nxe8 27. Nfd5 Kf8 28. c5 Be6 29. Nc3 Nc7 30. Kf2 Ke7 31. Ke3 g5 32. Kd4 f6 33. a4 Bd7 34. a5 Ke6 35. Kc4 f5 36. g3 Bc6 37. Nc2 Bg2 38. Nd4+ Ke5 39. h4 Bf1+ 40. Nde2 f4 41. gxf4+ gxf4 42. Kb3 f3 43. Ng3 Bd3 44. Nd1 Nd5 45. Nf2 Bh7 46. Kc4 Kf4 47. Nh5+ Ke5 48. Ng3 Ne3+ 49. Kb5 Nf5 50. Nxf5 Bxf5 51. a6 bxa6+ 52. Kxa6 Kf4 53. Kxa7 Kg3 54. Nd1 f2 55. Ne3 Kf3 56. Nxf5 f1=Q 57. Nd6 Qa1+ 58. Kb6 Qd4 59. Nb5 Qe3 60. h5 Kg4 61. Nd6 Kxh5 62. Kb5 Qe5 63. Nc4 Qb8+ 64. Nb6 Kg4 65. c6 h5 66. Kc5 h4 67. Nd7 Qc7 68. Nf6+ Kf3 69. Nd5 Qc8 70. Nb6 Qf8+ 71. Kb5 h3 72. c7 h2 73. Nd7 Qc8 74. Nb6 Qxc7 0-1


[Site "https://www.chess.com"]

[Event "Titled Tuesday Blitz September 13 Late 2022"]
[White "Karas, Marek"]
[Black "Mikhailov, Viacheslav"]
[WhiteFideId "14928558"]
[BlackFideId "4187369"]
[WhiteElo "2272"]
[BlackElo "2381"]
[Result "0-1"]
[Round "07"]
[TimeControl "180+1"]
[Date "2022.09.13"]
[WhiteClock "0:01:18"]
[BlackClock "0:01:10"]

1. c3 Nf6 2. d4 g6 3. Nf3 Bg7 4. Bg5 O-O 5. Nbd2 d6 6. e4 Bg4 7. Bd3 c5 8. h3 Bxf3 9. Nxf3 cxd4 10. cxd4 Nc6 11. O-O Qb6 12. d5 Nd4 13. Rb1 Nxf3+ 14. Qxf3 h6 15. Be3 Qa5 16. a3 Nd7 17. Qe2 Rfc8 18. Rfc1 a6 19. Rxc8+ Rxc8 20. Rc1 Rxc1+ 21. Bxc1 Ne5 22. b4 Qa4 23. Qc2 Qxc2 24. Bxc2 Nc4 25. Bd3 Bb2 26. Bxc4 Bxc1 27. a4 Kf8 28. b5 a5 29. b6 Ba3 30. Ba6 Bc5 31. Bxb7 Bxb6 32. Bc6 f5 33. exf5 gxf5 34. Bd7 f4 35. Kf1 Kg7 36. Ke2 Kf6 37. Kf3 Ke5 38. Be6 Bc5 39. g3 fxg3 40. fxg3 Kf6 41. Kg4 Kg7 42. Kf5 Bf2 43. g4 Be1 44. Bd7 Bf2 45. Be6 Be1 46. g5 hxg5 47. Kxg5 Bd2+ 48. Kf5 Bc3 49. Bd7 Bf6 50. Be8 Kh6 51. Ke6 Kg7 52. Kd7 Kh6 53. Kc6 Kg7 54. Bd7 Bc3 55. Be6 Kf6 56. Kd7 Bb4 57. h4 Be1 58. h5 Bd2 59. Kc6 Kg7 60. Kb5 Kh6 61. Bf7 Be1 62. Kc4 Kg7 63. Kd3 Kxf7 0-1


[Site "https://www.chess.com"]